 Dungeon Crawl Stone Soup version 0.30-a0-986-g7f2e898f52 (webtiles) character file.

Game seed: 10236320521281886207

112 jimonade the Trooper (level 4, 0/41 HPs)
             Began as a Hill Orc Monk on Apr 1, 2023.
             Slain by Duvessa
             ... wielding a +0 short sword
              (3 damage)
             ... on level 4 of the Dungeon.
             The game lasted 00:06:31 (3444 turns).

jimonade the Trooper (Hill Orc Monk)                Turns: 3444, Time: 00:06:32

Health: 0/41       AC: 12    Str: 15    XL:     4   Next: 93%
Magic:  5/5        EV: 11    Int: 10    God:
Gold:   194        SH:  4    Dex: 13    Spells: 3/3 levels left

rFire   . . .      SeeInvis .    a - +1 spear
rCold   . . .      Faith    .    i - +1 buckler
rNeg    . . .      Spirit   .    j - +0 ring mail
rPois   .          Reflect  .    (no helmet)
rElec   .          Rampage  .    (no cloak)
rCorr   .                        (no gloves)
Will    +....                    m - +2 pair of boots
Stlth   +                        (no amulet)
HPRegen 0.26/turn                d - ring of willpower
MPRegen 0.09/turn                h - +4 ring of protection

@: hasted, very quick
A: no striking features
a: no special abilities


You were on level 4 of the Dungeon.
You visited 1 branch of the dungeon, and saw 4 of its levels.

You collected 194 gold pieces.

Inventory:

Hand Weapons
 a - a +1 spear (weapon)
 l - a +0 hand axe
 n - a +1 flail of protection
 q - a +0 arbalest
 w - a +0 spear
Missiles
 p - 20 stones (quivered)
Armour
 b - a +0 robe
 i - a +1 buckler (worn)
 j - a +0 ring mail (worn)
 m - a +2 pair of boots (worn)
Jewellery
 d - a ring of willpower (left hand)
 h - a +4 ring of protection (right hand)
Wands
 u - a wand of charming (2)
 x - a wand of light (7)
Scrolls
 s - a scroll of immolation {unknown}
Potions
 c - 3 potions of ambrosia
 e - 4 potions of haste
 f - 2 potions of invisibility {unknown}
 g - 2 potions of lignification
 k - 4 potions of curing
 o - a potion of attraction
 v - a potion of brilliance


   Skills:
 + Level 4.4 Fighting
 + Level 4.2 Polearms
 + Level 1.1 Armour
 + Level 2.8 Dodging
 - Level 1.5 Stealth
 + Level 0.1 Shields
 * Level 2.5 Invocations


You had 3 spell levels left.
You didn't know any spells.
Your spell library contained the following spells:

 Spells                   Type           Power      Damage    Failure   Level
 Ozocubu's Armour         Ice            0%         N/A       97%         3
 Metabolic Englaciation   Hex/Ice        0%         N/A       100%        5
 Simulacrum               Ice/Necr       0%         N/A       100%        6


Dungeon Overview and Level Annotations

Branches:
Dungeon (4/15)
 Temple: D:4-7

Altars:
Wu Jian

Annotations:
D:4 1 runed translucent door, Crazy Yiuf, Dowan, Duvessa


Message History

Duvessa is moderately wounded.
The orc barely misses you. Duvessa hits you with a +0 short sword.
You closely miss Duvessa.
Duvessa is moderately wounded.
Duvessa looks more healthy.
The orc hits you with a +0 dagger. Duvessa hits you with a +0 short sword.
You barely miss Duvessa.
Duvessa is heavily wounded.
The orc hits you with a +0 dagger. Duvessa hits you with a +0 short sword.
* * * LOW HITPOINT WARNING * * *
You barely miss Duvessa.
Duvessa is heavily wounded.
The orc hits you but does no damage. Duvessa hits you with a +0 short sword.
* * * LOW HITPOINT WARNING * * *
You hit Duvessa but do no damage.
Duvessa is heavily wounded.
The orc hits you but does no damage. Duvessa hits you with a +0 short sword.
* * * LOW HITPOINT WARNING * * *
You hit Duvessa.
Duvessa is heavily wounded.
You block the orc's attack. Duvessa hits you but does no damage.
You hit Duvessa but do no damage.
Duvessa is heavily wounded.
The orc hits you but does no damage. Duvessa hits you with a +0 short sword.
* * * LOW HITPOINT WARNING * * *
You barely miss Duvessa.
Duvessa is heavily wounded.
The orc hits you but does no damage. You block Duvessa's attack.
You feel yourself speed up. The orc hits you but does no damage.
Duvessa hits you with a +0 short sword.
* * * LOW HITPOINT WARNING * * *
You hit Duvessa.
Duvessa is heavily wounded.
You hit Duvessa.
Duvessa is severely wounded.
The orc hits you but does no damage. Duvessa misses you.
You hit Duvessa.
Duvessa is severely wounded.
The orc hits you but does no damage. Duvessa hits you with a +0 short sword.
You die...

######## .... ..# #.......
... #.## #....... ....
#..####### #....... ...
#...##...####.......
.####.####..............##e##
......).............######..#
..#....#....o.......# #...#
#......(..(e@..)....# #...#
##.....#>......###### #...#
#.....##....### #...# #.####
#.#### ###..[. # #.#
####.....# #.. +....#...# ###
#........# #. #..##...## #.#
#.#####..#


You could see Duvessa and an orc.

Vanquished Creatures
  3 gnolls
  4 adders
  4 worms
  An orc (D:3)
  3 ball pythons
  3 endoplasms
  2 giant cockroaches
  6 hobgoblins
  A bat (D:1)
  3 frilled lizards (D:2)
  3 kobolds
  5 rats
38 creatures vanquished.

Notes
Turn   | Place    | Note
-------+----------+-------------------------------------------
     0 | D:1      | jimonade the Hill Orc Monk began the quest for the Orb.
     0 | D:1      | Reached XP level 1. HP: 19/19 MP: 1/1
   248 | D:1      | Found a faded altar of an unknown god.
   809 | D:2      | Reached XP level 2. HP: 27/27 MP: 2/2
   828 | D:2      | Reached skill level 1 in Invocations
  1263 | D:2      | Reached XP level 3. HP: 33/33 MP: 4/4
  1921 | D:3      | Identified the +4 chain mail of the Abyss {*Corrode Str+3
                  | Int+4}
  2035 | D:3      | Reached XP level 4. HP: 33/41 MP: 5/5
  2240 | D:3      | Found an ornate altar of the Wu Jian Council.
  2528 | D:4      | Found a runed translucent door.
  2529 | D:4      | Noticed Crazy Yiuf
  2746 | D:4      | Reached skill level 1 in Armour
  3081 | D:4      | Noticed Duvessa
  3088 | D:4      | Noticed Dowan
  3441 | D:4      | HP: 2/41 [Duvessa/+0 short sword (1)]
  3444 | D:4      | Slain by Duvessa

Illustrated notes

Levels and vault maps discovered:
D:1:      tarquinn_simple_flora_water_c, layout_loops_ring,
          hellmonk_ecumenical_altar_run_dry, minmay_tetromino_i2
D:2:      layout_basic
D:3:      layout_rooms, pdpol_wu_jian_five_deadly_venoms
D:4:      layout_rooms, old_standard_altar, led_xom_imps, uniq_duvessa,
          uniq_crazy_yiuf_cottage

Skill      XL: |  1  2  3  4 |
---------------+-------------+-----
Invocations    | 1 2 |  2.5
Fighting       | 4 |  4.4
Polearms       | 4 |  4.2
Armour         | 1 |  1.1
Dodging        | |  2.8
Stealth        | |  1.5
Shields        | |  0.1

Action                     |  1- 3 |  4- 6 || total
---------------------------+-------+-------++-------
  Melee: Spear             |   154 |    84 ||   238
  Throw: Dart              |       |     4 ||     4
         Throwing net      |       |     1 ||     1
    Use: Scroll            |       |     9 ||     9
         Potion            |       |     1 ||     1
   Stab: Sleeping          |     1 |       ||     1
 Armour: Robe              |     6 |       ||     6
         Ring mail         |    68 |    35 ||   103
  Dodge: Dodged            |    59 |    40 ||    99
  Block: Buckler           |     8 |    14 ||    22

Table legend: (Time is in decaauts)
 A = Elapsed time spent in this place.
 B = Non-inter-level travel time spent in this place.
 C = Inter-level travel time spent in this place.
 D = Time resting spent in this place.
 E = Time spent auto-exploring this place.
 F = Levels seen in this place.
 G = Mean time per level.
                   A        B        C        D        E       F      G
               +--------+--------+--------+--------+--------+-----+--------+
         Total |   3440 |   3158 |    282 |    417 |   1806 |   4 |  860.0 |
       Dungeon |   3440 |   3158 |    282 |    417 |   1806 |   4 |  860.0 |
               +--------+--------+--------+--------+--------+-----+--------+

Top non-repeatable levels by time:
     D:3: 1135 daAuts
     D:2: 1030 daAuts
     D:1: 782 daAuts
     D:4: 491 daAuts
